[Event "Team 45 45 League T36"]
[Site "Internet Chess Club"]
[Date "2008.03.02"]
[Round "6"]
[White "curtintime"]
[Black "strudel"]
[Result "1/2-1/2"]
[WhiteElo "1377"]
[BlackElo "1420"]
[Opening "Sicilian: Scheveningen (Paulsen), classical variation"]
[ECO "B84"]
[Time "10:13:32"]
[TimeControl "2700+45"]

1. e4 c5 2. Nf3 d6 3. d4 cxd4 4. Nxd4 Nf6 5. Nc3 a6 6. Be2 e6 7. Be3 Be7 8. Qd2
O-O 9. O-O-O Nc6 10. Nxc6 bxc6 11. g4 d5 12. e5 Ne4 13. Nxe4 dxe4 14. Qd4 Qa5
15. Bc4 Rd8 16. Qxe4 Bb7 17. f4 Qc7 18. Bd3 Rxd3 19. Qxd3 Rd8 20. Qb3 Rb8 21.
Qd3 Rd8 22. Qe2 Rc8 23. Rd3 c5 24. Rhd1 Bd5 25. Ra3 a5 26. Bf2 c4 27. Rg3 a4 28.
c3 Qb7 29. g5 a3 30. h4 Ra8 31. Kb1 Be4+ 32. Ka1 Bd3 33. Rgxd3 cxd3 34. Rxd3 Rb8
35. b3 Qg2 36. Rg3 Qc6 37. Bd4 Bb4 38. Qf3 Qc7 39. Kb1 Bc5 40. Bxc5 Qxc5 41. h5
Qc8 42. g6 Rb7 43. gxh7+ Kxh7 44. Qg4 Qf8 45. Kc2 Re7 46. b4 Ra7 47. Kb3 Qg8 48.
c4 Ra8 49. b5 Qh8 50. f5 exf5 51. Qxf5+ Kg8 52. Kb4 Qh6 53. Qg5 Qh7 54. Rxa3
Qb1+ 55. Rb3 Qxa2 56. h6 Ra4+ 57. Kc3 Qa1+ 58. Kd3 Qd1+ 59. Qd2 Qxb3+ 60. Qc3
Qd1+ 61. Ke4 Qe2+ 62. Kd5 Qg2+ 63. Kc5 Qf2+ 64. Kd5 Qg2+ 65. Kc5 Qf2+ 66. Kc6
Qe2 67. Kc5 Qf2+ 68. Kd5 Qg2+ 69. Kc5 {Game drawn by repetition} 1/2-1/2

[Event "Team 45 45 League T36"]
[Site "Internet Chess Club"]
[Date "2008.03.02"]
[Round "6"]
[White "betto2506"]
[Black "Prop"]
[Result "0-1"]
[WhiteElo "1311"]
[BlackElo "1315"]
[Opening "Scotch game"]
[ECO "C45"]
[Time "16:09:34"]
[TimeControl "2700+45"]

1. e4 e5 2. Nf3 Nc6 3. d4 exd4 4. Nxd4 Bc5 5. Nxc6 bxc6 6. Bc4 Nf6 7. Bg5 O-O 8.
O-O Be7 9. e5 Ne4 10. Bxe7 Qxe7 11. Re1 Ng5 12. Nc3 Qc5 13. Qg4 d6 14. Qxg5 Qxc4
15. exd6 cxd6 16. Re4 Qa6 17. Rae1 Be6 18. b3 d5 19. Rh4 Rad8 20. Qh5 h6 21. Qe2
Qa5 22. Na4 Rd6 23. Qe5 Re8 24. Qxd6 Qxe1# {White checkmated} 0-1

[Event "Team 45 45 League T36"]
[Site "Internet Chess Club"]
[Date "2008.03.02"]
[Round "6"]
[White "ckak0202"]
[Black "N20863"]
[Result "1-0"]
[WhiteElo "1250"]
[BlackElo "1288"]
[Opening "Sicilian defense"]
[ECO "B32"]
[Time "09:09:02"]
[TimeControl "2700+45"]

1. e4 c5 2. Nf3 Nc6 3. d4 cxd4 4. Nxd4 Nxd4 5. Qxd4 e6 6. Nc3 a6 7. Bf4 Ne7 8.
Bc4 Nc6 9. Qe3 Bb4 10. O-O-O O-O 11. h4 b5 12. Bd3 d5 13. Qg3 g6 14. h5 d4 15.
Ne2 e5 16. Bh6 Re8 17. hxg6 fxg6 18. Bg5 Be7 19. Bxe7 Qxe7 20. Qh2 Be6 21. f4
Bxa2 22. fxe5 Nxe5 23. Nxd4 Ng4 24. Qg3 Qg5+ 25. Rd2 Bc4 26. Bxc4+ bxc4 27. Qc7
Qe7 28. Qxc4+ Kg7 29. Qc3 Qxe4 30. Ne6+ Kg8 31. Nc7 Rac8 32. Qb3+ Kh8 33. Nxe8
Rxe8 34. Qf7 h5 35. Rd7 Qe3+ 36. Kb1 {Black resigns} 1-0

[Event "Team 45 45 League T36"]
[Site "Internet Chess Club"]
[Date "2008.02.29"]
[Round "6"]
[White "kjs110"]
[Black "JustinZ"]
[Result "0-1"]
[WhiteElo "940"]
[BlackElo "1239"]
[Opening "Konstantinopolsky opening"]
[ECO "C44"]
[Time "12:58:30"]
[TimeControl "2700+45"]

1. e4 e5 2. Nf3 Nc6 3. g3 Nf6 4. d3 Bc5 5. Bg2 O-O 6. O-O Nd4 7. Nxd4 Bxd4 8. c3
Bb6 9. d4 exd4 10. cxd4 d5 11. e5 Ng4 12. h3 h5 13. hxg4 Bxg4 14. Bf3 Bxf3 15.
Qxf3 Bxd4 16. Qxh5 Re8 17. Bf4 Bxb2 18. Nd2 Bxa1 19. Rxa1 f6 20. exf6 Qxf6 21.
Rc1 Re7 22. Bg5 Qf7 23. Bxe7 Qxh5 24. Rxc7 Re8 25. Rxb7 Qe2 26. Bb4 Qe1+ 27. Nf1
Qe4 28. Nd2 Qe1+ 29. Nf1 Qb1 30. a3 a5 31. Re7 Rxe7 32. Bxe7 d4 33. Kg2 Qb7+ 34.
f3 Qxe7 35. g4 Qxa3 {White resigns} 0-1

[Event "Team 45 45 League T36"]
[Site "Internet Chess Club"]
[Date "2008.03.01"]
[Round "6"]
[White "dondel"]
[Black "fuzzface"]
[Result "0-1"]
[WhiteElo "1455"]
[BlackElo "1329"]
[Opening "QGD Slav defense"]
[ECO "D10"]
[Time "11:02:44"]
[TimeControl "2700+45"]

1. d4 d5 2. c4 c6 3. e3 Nf6 4. h3 Bf5 5. Nf3 Nbd7 6. Nc3 h6 7. Bd3 e6 8. c5 b6
9. cxb6 axb6 10. Bxf5 exf5 11. a3 c5 12. dxc5 bxc5 13. O-O Nb6 14. Re1 Ne4 15.
Nxe4 fxe4 16. Nd2 Be7 17. Nf1 O-O 18. Ng3 Qd7 19. f4 Bh4 20. Kh2 Bxg3+ 21. Kxg3
d4 22. exd4 Qxd4 23. Qxd4 cxd4 24. Rxe4 Rad8 25. b4 Rfe8 26. Rxe8+ Rxe8 27. Bd2
Nc4 28. Ra2 Re2 {White resigns} 0-1

[Event "Team 45 45 League T36"]
[Site "Internet Chess Club"]
[Date "2008.03.03"]
[Round "6"]
[White "jschneigi"]
[Black "Skyler"]
[Result "0-1"]
[WhiteElo "1262"]
[BlackElo "1153"]
[Opening "Caro-Kann: advance variation"]
[ECO "B12"]
[Time "21:59:51"]
[TimeControl "2700+45"]

1. e4 c6 2. d4 d5 3. e5 Bf5 4. Nf3 e6 5. Bd3 Bg6 6. Bxg6 hxg6 7. O-O Ne7 8. Bg5
Qb6 9. c3 Qxb2 10. Nbd2 Qxc3 11. Rb1 b6 12. Rc1 Qb2 13. Rc2 Qa3 14. h3 Nf5 15.
Nb1 Qa6 16. Qd2 Be7 17. Qf4 O-O 18. g4 Bxg5 19. Qxg5 Nh6 20. Qe3 Rc8 21. Kg2 Nd7
22. Rfc1 c5 23. Na3 cxd4 24. Nxd4 Rxc2 25. Rxc2 Rc8 26. Nc6 Kf8 27. Nb4 Qb7 28.
Rxc8+ Qxc8 29. Nac2 Qb7 30. Qf3 Nxe5 31. Qf4 Nc6 32. Nxc6 Qxc6 33. Nd4 Qb7 34.
Nxe6+ Kg8 35. Nd4 b5 36. Kg3 b4 37. Qd6 a5 38. Qd8+ Kh7 39. Qxa5 Qb8+ 40. Kg2
Qb7 41. f3 f5 42. Nb5 fxg4 43. hxg4 d4 44. Nxd4 Nxg4 45. Qg5 Nf6 46. Qc5 Nd7 47.
Qa5 Nf6 48. Kg3 Qb8+ 49. Kf2 Nd7 50. Ke2 Nf6 51. Nc6 Qb7 52. Nxb4 Kh6 53. Nd3
Kh7 54. a4 Nd5 55. Qd2 Qa6 56. Kf2 Qxa4 57. Kg2 Qh4 58. Qf2 Nf4+ 59. Nxf4 Qxf4
60. Kh3 Kh6 61. Qh4+ Qxh4+ 62. Kxh4 g5+ 63. Kg4 g6 64. f4 gxf4 65. Kxf4 Kh5 66.
Kg3 Kg5 67. Kh3 Kf4 68. Kh4 g5+ 69. Kh3 Kf3 70. Kh2 g4 71. Kg1 Kg3 72. Kh1 Kf2
73. Kh2 g3+ 74. Kh1 g2+ 75. Kh2 g1=Q+ {White resigns} 0-1

[Event "Team 45 45 League T36"]
[Site "Internet Chess Club"]
[Date "2008.03.02"]
[Round "6"]
[White "Duck-Man"]
[Black "klt713"]
[Result "0-1"]
[WhiteElo "1252"]
[BlackElo "1196"]
[Opening "Sicilian defense"]
[ECO "B40"]
[Time "14:04:58"]
[TimeControl "2700+45"]

1. e4 c5 2. Nf3 e6 3. Nc3 d6 4. Bc4 a6 5. a3 g6 6. d4 Bg7 7. Be3 b5 8. Be2 Nd7
9. O-O Bb7 10. Qd2 Ngf6 11. d5 exd5 12. exd5 O-O 13. Bg5 Nb6 14. Bh6 Re8 15. Bd3
Nfxd5 16. Bxg7 Kxg7 17. Nxd5 Bxd5 18. Qc3+ Kg8 19. Rfe1 Bxf3 20. gxf3 Qg5+ 21.
Kh1 Qd5 22. Be4 Rxe4 23. fxe4 Qc6 24. Rad1 Re8 25. f3 Nc4 26. Qf6 Re6 27. Qd8+
Kg7 28. Qh4 Nxb2 29. Rd2 Nc4 30. Rg2 Ne5 31. f4 Nf3 32. Qf2 Nxe1 33. Qxe1 Rxe4
34. Qg3 Rd4 35. h3 Qe4 36. Kh2 Qxf4 37. Qxf4 Rxf4 38. Rd2 Rd4 39. Re2 Ra4 40.
Re3 b4 41. axb4 cxb4 42. Re4 d5 43. Rd4 a5 44. Rxd5 Ra2 45. Rc5 b3 46. Kg3 bxc2
47. Kf3 Rb2 48. Ke3 a4 49. Kd2 c1=Q+ 50. Kxc1 a3 51. Ra5 Rb3 52. Ra4 Rxh3 53.
Kb1 Rg3 54. Ka2 h5 55. Ra7 h4 56. Re7 h3 57. Re1 g5 58. Rh1 g4 59. Rb1 Rf3 60.
Rg1 g3 61. Rb1 h2 62. Rh1 g2 63. Rxh2 g1=Q {White resigns} 0-1

[Event "Team 45 45 League T36"]
[Site "Internet Chess Club"]
[Date "2008.02.29"]
[Round "6"]
[White "ffplayer"]
[Black "DannyZil"]
[Result "1-0"]
[WhiteElo "1116"]
[BlackElo "1162"]
[Opening "QGD: 4.Bg5"]
[ECO "D50"]
[Time "21:59:44"]
[TimeControl "2700+45"]

1. d4 d5 2. c4 e6 3. Nc3 Nf6 4. Bg5 Bb4 5. Rc1 h6 6. Bh4 O-O 7. Nf3 Nc6 8. e3
Bd7 9. Bd3 Ne7 10. O-O Ng6 11. Bxg6 fxg6 12. cxd5 Bxc3 13. Rxc3 exd5 14. Qb3 g5
15. Bg3 Bf5 16. Bxc7 Qd7 17. Ne5 Qe7 18. Ba5 Rfc8 19. Bb4 Qe8 20. Rcc1 Qb5 21.
a4 Qb6 22. Qa3 a5 23. Bc5 Qc7 24. b3 Ra6 25. Be7 Qb8 26. Bxf6 gxf6 27. Nd7 Bxd7
28. Qe7 Be6 29. Qxf6 Rac6 30. Rxc6 Rxc6 31. Qg6+ Kf8 32. Qxh6+ Ke7 33. Qxg5+ Kd7
34. Qg7+ Kd6 35. Qe5+ Kd7 36. Qxb8 {Black resigns} 1-0

[Event "Team 45 45 League T36"]
[Site "Internet Chess Club"]
[Date "2008.03.02"]
[Round "6"]
[White "Mitch99"]
[Black "az2112"]
[Result "1/2-1/2"]
[WhiteElo "1584"]
[BlackElo "1702"]
[Opening "Sicilian: Alapin's variation (2.c3)"]
[ECO "B22"]
[Time "11:54:33"]
[TimeControl "2700+45"]

1. e4 c5 2. c3 d5 3. exd5 Qxd5 4. d4 Nf6 5. Nf3 e6 6. Bd3 Nc6 7. O-O Be7 8. Bf4
O-O 9. Re1 a6 10. Na3 b5 11. c4 bxc4 12. Bxc4 Qf5 13. Bg3 cxd4 14. Nxd4 Nxd4 15.
Qxd4 Bc5 16. Qf4 Qxf4 17. Bxf4 Bxa3 18. bxa3 Bb7 19. Rab1 Bd5 20. Rec1 Bxc4 21.
Rxc4 Nd5 22. Bg3 Rac8 {Game drawn by mutual agreement} 1/2-1/2

[Event "Team 45 45 League T36"]
[Site "Internet Chess Club"]
[Date "2008.03.01"]
[Round "6"]
[White "Chess2Play"]
[Black "bjc"]
[Result "1-0"]
[WhiteElo "1605"]
[BlackElo "1379"]
[Opening "King's Indian: Zinnowitz variation"]
[ECO "E90"]
[Time "20:59:11"]
[TimeControl "2700+45"]

1. d4 Nf6 2. c4 g6 3. Nc3 Bg7 4. e4 O-O 5. Nf3 d6 6. Bg5 Nbd7 7. Qd2 e5 8. d5
Nc5 9. Bd3 a5 10. O-O Bg4 11. Ne1 Qe8 12. Bh6 Bxh6 13. Qxh6 Nh5 14. Qe3 Bd7 15.
a3 f5 16. exf5 Bxf5 17. Bxf5 Rxf5 18. Nd3 Nxd3 19. Qxd3 Nf4 20. Qe3 Qd7 21. Ne4
Raf8 22. b4 Rh5 23. c5 Qg4 24. Ng3 Nh3+ 25. gxh3 Rxh3 26. Kg2 h5 27. cxd6 cxd6
28. Qe2 Qh4 29. Rh1 Rf4 30. bxa5 Ra4 31. Rac1 Rxa3 32. Rc4 {Black resigns} 1-0

[Event "Team 45 45 League T36"]
[Site "Internet Chess Club"]
[Date "2008.03.02"]
[Round "6"]
[White "mkrump"]
[Black "NaoXidnan"]
[Result "0-1"]
[WhiteElo "1457"]
[BlackElo "1622"]
[Opening "Sicilian: dragon, Yugoslav attack, 9.Bc4"]
[ECO "B77"]
[Time "22:06:29"]
[TimeControl "2700+45"]

1. e4 c5 2. Nf3 Nc6 3. d4 cxd4 4. Nxd4 g6 5. Be3 Bg7 6. Nc3 d6 7. Bc4 Nf6 8. f3
O-O 9. Qd2 Re8 10. O-O-O a6 11. Bb3 Na5 12. h4 Nxb3+ 13. cxb3 b5 14. Nc6 Qc7 15.
Nb4 a5 16. Nc2 b4 17. Nb5 Qd7 18. Nbd4 Qb7 19. Bg5 Bd7 20. Bxf6 Bxf6 21. h5 Bg7
22. hxg6 fxg6 23. Kb1 a4 24. Rh2 axb3 25. Nxb3 Be6 26. Ncd4 Bxb3 27. Nxb3 Qa6
28. Nc1 b3 29. a3 Qa5 30. Nxb3 Qxd2 31. Rxd2 Reb8 32. Nc1 Rxa3 33. Nd3 Rab3 34.
g4 Bf6 35. f4 R3b5 36. f5 Rc8 37. g5 Bxg5 38. Rdg2 h6 39. Nf2 gxf5 40. Nh3 fxe4
41. Nxg5 Rxg5 42. Re2 h5 43. Rxe4 e5 44. Reh4 Kg7 45. Rxh5 Rxh5 46. Rxh5 Kf6 47.
b4 Ke6 48. Kb2 Kd5 49. Kb3 Kd4 50. Rh6 d5 51. b5 e4 52. b6 Kd3 53. Kb4 d4 54. b7
Rb8 55. Rh7 e3 56. Kc5 e2 57. Re7 Rxb7 58. Rxb7 e1=Q 59. Rb3+ Ke4 60. Rb4 Qc3+
61. Kb5 Qxb4+ 62. Kxb4 Kd3 63. Kb3 Kd2 64. Kb2 d3 65. Kb1 Ke2 {White resigns}
0-1

[Event "Team 45 45 League T36"]
[Site "Internet Chess Club"]
[Date "2008.03.01"]
[Round "6"]
[White "Toalla"]
[Black "CSCARChaplain"]
[Result "1-0"]
[WhiteElo "1156"]
[BlackElo "754"]
[Opening "Queen's gambit declined"]
[ECO "D30"]
[Time "13:02:37"]
[TimeControl "2700+45"]

1. d4 d5 2. c4 e6 3. Nf3 Nc6 4. g3 Nf6 5. e3 Bd7 6. Bg2 Be7 7. O-O O-O 8. a3 Re8
9. Nc3 Na5 10. Ne5 c6 11. b4 Nxc4 12. Nxc4 dxc4 13. Bb2 Nd5 14. a4 Nxc3 15. Bxc3
Rb8 16. Qc2 Qc7 17. Rfb1 b6 18. e4 b5 19. a5 a6 20. f4 Bd6 21. e5 Be7 22. Qe2
Rbc8 23. h4 Qa7 24. Rf1 Rf8 25. h5 Qb7 26. g4 f6 27. f5 Qc7 28. fxe6 Bxe6 29.
exf6 Rxf6 30. Rxf6 Bxf6 31. Qxe6+ Kf8 32. Rf1 Qd8 33. g5 {Black resigns} 1-0

[Event "Team 45 45 League T36"]
[Site "Internet Chess Club"]
[Date "2008.02.27"]
[Round "6"]
[White "Warpdrive"]
[Black "cityprosecutor"]
[Result "1/2-1/2"]
[WhiteElo "1631"]
[BlackElo "1783"]
[Opening "Sicilian: dragon, Yugoslav attack"]
[ECO "B75"]
[Time "20:30:18"]
[TimeControl "2700+45"]

1. e4 c5 2. Nf3 d6 3. d4 cxd4 4. Nxd4 Nf6 5. Nc3 g6 6. Be3 Bg7 7. f3 Nc6 8. Qd2
Bd7 9. Bc4 Rc8 10. Nxc6 bxc6 11. O-O Qa5 12. Rab1 O-O 13. b4 Qc7 14. Qf2 Ra8 15.
a4 a6 16. Bb6 Qc8 17. a5 Be6 18. Bxe6 Qxe6 19. Rfe1 Ng4 20. Qd2 Qe5 21. fxg4
Qxc3 22. Qxc3 Bxc3 23. Rf1 Rfc8 24. Rf3 Be5 25. c4 Rab8 26. Rff1 Rb7 27. Kf2
Rcb8 28. h3 Kf8 29. Ke2 Ke8 30. Kd3 e6 31. b5 axb5 32. cxb5 cxb5 33. Rxb5 Ra8
34. g5 Rbb8 35. Rfb1 Rc8 36. Bd4 Bxd4 37. Kxd4 Kd7 38. e5 d5 39. Rb7+ Rc7 40.
Rxc7+ Kxc7 41. Rc1+ Kb7 42. Rc5 Ra6 43. Kc3 Rc6 44. Rxc6 Kxc6 45. Kb4 Kb7 46.
Kb5 Ka7 47. h4 Kb7 48. g3 Ka7 49. g4 Kb7 50. h5 Ka7 51. h6 Kb7 52. a6+ Ka7 53.
Ka5 Kb8 54. Kb5 Ka7 55. Ka5 Kb8 56. Kb5 Ka7 {Game drawn by repetition} 1/2-1/2

[Event "Team 45 45 League T36"]
[Site "Internet Chess Club"]
[Date "2008.02.29"]
[Round "6"]
[White "mickeys"]
[Black "Ernie1"]
[Result "1-0"]
[WhiteElo "1756"]
[BlackElo "1653"]
[Opening "QGD semi-Slav: 5.e3"]
[ECO "D45"]
[Time "20:49:05"]
[TimeControl "2700+45"]

1. d4 c6 2. Nf3 d5 3. e3 Nf6 4. c4 e6 5. Nc3 Bb4 6. Bd2 dxc4 7. Bxc4 Nbd7 8. O-O
O-O 9. Qc2 Qc7 10. Bd3 Bxc3 11. Bxc3 h6 12. Rac1 Nd5 13. Bd2 Qb6 14. a3 f5 15.
b4 a6 16. Rb1 Qd8 17. a4 g5 18. e4 g4 19. exd5 gxf3 20. dxe6 fxg2 21. Rfe1 Nf6
22. e7 {Black resigns} 1-0

[Event "Team 45 45 League T36"]
[Site "Internet Chess Club"]
[Date "2008.03.03"]
[Round "6"]
[White "NESKAYA"]
[Black "ChessChamp"]
[Result "0-1"]
[WhiteElo "1667"]
[BlackElo "1561"]
[Opening "Sicilian"]
[ECO "B50"]
[Time "20:12:53"]
[TimeControl "2700+45"]

1. e4 c5 2. Nf3 d6 3. c3 Nf6 4. Be2 Nxe4 5. Qa4+ Nc6 6. Qxe4 g6 7. Bb5 Bd7 8.
Qc2 Bg7 9. O-O O-O 10. b3 Nb4 11. cxb4 Bxb5 12. Bb2 Bxf1 13. Bxg7 Kxg7 14. Kxf1
cxb4 15. Qe4 Qb6 16. Qd4+ Qxd4 17. Nxd4 Rac8 18. Ne2 Rc6 19. a3 bxa3 20. Nxa3
Ra6 21. Nc2 Rxa1+ 22. Nxa1 Rc8 23. f3 Kf6 24. Ke1 Ke5 25. Kd1 Rc6 26. Nc2 Rb6
27. b4 Rb5 28. Ne1 a5 29. bxa5 Rxa5 30. Kc2 b5 31. Kb3 Kf6 32. Nc3 Ra1 33. Nd3
Rg1 34. g3 Rg2 35. Ne4+ Kg7 36. h4 d5 37. Nf4 Rg1 38. Nxd5 Rb1+ 39. Kc2 Rf1 40.
Nxe7 Rxf3 41. Nd5 f5 42. Nd6 Rxg3 43. Nxb5 Rh3 44. Ne3 Rxh4 45. Nc3 h5 46. Kd3
Kf6 47. Ng2 Rh3+ 48. Ke2 g5 49. Nd5+ Ke5 50. Nde3 f4 51. Nf1 f3+ 52. Kf2 fxg2
53. Kxg2 Rd3 54. Kf2 h4 55. Ke2 Kd4 56. Nh2 Ke4 57. Ng4 Rf3 58. d3+ Kf4 59. Nf6
h3 60. Nd5+ Kg3 61. Ne3 Rxe3+ 62. Kxe3 h2 {White resigns} 0-1

[Event "Team 45 45 League T36"]
[Site "Internet Chess Club"]
[Date "2008.03.01"]
[Round "6"]
[White "theartist"]
[Black "MarcoDeSade"]
[Result "0-1"]
[WhiteElo "1126"]
[BlackElo "1490"]
[Opening "QGD: Marshall defense"]
[ECO "A50"]
[Time "12:00:42"]
[TimeControl "2700+45"]

1. d4 Nf6 2. c4 d5 3. cxd5 Nxd5 4. e4 Nb6 5. Nf3 e6 6. a3 Be7 7. Be2 O-O 8. O-O
Bd7 9. Nc3 Bc6 10. Be3 f5 11. e5 Nd5 12. Nxd5 Qxd5 13. Rc1 Qd7 14. Rc3 Bd5 15.
b4 c6 16. Rd3 Qd8 17. Qd2 Nd7 18. Bg5 Be4 19. Bxe7 Qxe7 20. Rc3 Nb6 21. Bd1 Rad8
22. Ng5 Bd5 23. f4 h6 24. Nf3 Rd7 25. Bb3 Rfd8 26. Bxd5 Nxd5 27. Rd3 Nc7 28. Qb2
Rd5 29. Nd2 Qd7 30. Nb3 b6 31. Rfd1 Qe7 32. g3 Na6 33. Rc1 Nb8 34. Nd2 Qd7 35.
Nb3 Qf7 36. Qf2 Na6 37. Rxc6 Qd7 {White forfeits on time} 0-1

[Event "Team 45 45 League T36"]
[Site "Internet Chess Club"]
[Date "2008.03.02"]
[Round "6"]
[White "vollmerj"]
[Black "Avedldesierto"]
[Result "1-0"]
[WhiteElo "1771"]
[BlackElo "1800"]
[Opening "King's pawn game"]
[ECO "C50"]
[Time "18:19:01"]
[TimeControl "2700+45"]

1. e4 e5 2. Nf3 Nc6 3. Bc4 Nd4 4. Nxd4 exd4 5. O-O Bc5 6. c3 dxc3 7. Nxc3 d6 8.
d4 Bb4 9. Nd5 Ba5 10. b4 Bb6 11. Nxb6 axb6 12. Qf3 Be6 13. Bxe6 fxe6 14. d5 e5
15. Qe3 Nf6 16. f4 Ng4 17. Qg3 h5 18. fxe5 dxe5 19. h3 Nf6 20. Qg6+ Kd7 21. Bg5
Rf8 22. Qxg7+ Kc8 23. Bxf6 Rxf6 24. Qxf6 Qxf6 25. Rxf6 Kd7 26. Rh6 Rh8 27. Rxh8
{Black resigns} 1-0

[Event "Team 45 45 League T36"]
[Site "Internet Chess Club"]
[Date "2008.02.29"]
[Round "6"]
[White "Tomate"]
[Black "ADIOKiddo4Ever"]
[Result "0-1"]
[WhiteElo "1445"]
[BlackElo "1572"]
[Opening "Scandinavian: Pytel-Wade variation"]
[ECO "B01"]
[Time "19:27:33"]
[TimeControl "2700+45"]

1. e4 d5 2. exd5 Qxd5 3. Nc3 Qd6 4. Nf3 Nf6 5. g3 Bg4 6. Bg2 Nc6 7. O-O e5 8.
Re1 O-O-O 9. d3 Nd4 10. Be3 h5 11. Bxd4 exd4 12. Nb5 Qa6 13. a4 c6 14. Na3 Bb4
15. Re5 h4 16. Nc4 Kb8 17. Qc1 hxg3 18. fxg3 Be6 19. Qf4 Ka8 20. b3 Bxc4 21.
dxc4 Bd6 22. Nxd4 Qb6 23. Kh1 Bxe5 24. Qxe5 Rxh2+ 25. Kxh2 Ng4+ {White resigns}
0-1

[Event "Team 45 45 League T36"]
[Site "Internet Chess Club"]
[Date "2008.03.03"]
[Round "6"]
[White "jazzyrick"]
[Black "tammany"]
[Result "1-0"]
[WhiteElo "1550"]
[BlackElo "1652"]
[Opening "Sicilian: Kan, 5.Nc3"]
[ECO "B43"]
[Time "18:53:45"]
[TimeControl "2700+45"]

1. e4 c5 2. Nf3 e6 3. d4 cxd4 4. Nxd4 a6 5. Nc3 b5 6. a3 Bb7 7. Be3 Qc7 8. Bxb5
axb5 9. Ndxb5 Qc6 10. Na7 Rxa7 11. Bxa7 Na6 12. O-O Nf6 13. Re1 Nc5 14. f3 Na4
15. Nxa4 Qxa4 16. Bd4 Be7 17. b3 Qc6 18. c4 O-O 19. Qd3 Ra8 20. b4 Rc8 21. Rec1
Qa6 22. b5 Qa8 23. a4 d5 24. exd5 exd5 25. c5 Qb8 26. c6 Ba8 27. Rc2 Nh5 28.
Rac1 Nf4 29. Qb3 Bg5 30. Kf1 Ne6 31. Be3 Qxh2 32. Bxg5 Nxg5 33. Qxd5 Ne6 34. Qd7
Qh1+ 35. Kf2 Qh4+ 36. Kg1 Qd4+ 37. Qxd4 Nxd4 38. Rb2 h5 39. Rc4 Ne6 40. a5 Nd8
41. Rbc2 Rc7 42. a6 Kf8 43. b6 Rxc6 44. Rxc6 Bxc6 45. b7 Bxb7 46. axb7 Nxb7 47.
Rc8+ {Black resigns} 1-0

[Event "Team 45 45 League T36"]
[Site "Internet Chess Club"]
[Date "2008.03.03"]
[Round "6"]
[White "dougmo"]
[Black "sdcohle"]
[Result "1-0"]
[WhiteElo "1567"]
[BlackElo "1417"]
[Opening "Scotch gambit"]
[ECO "C44"]
[Time "02:58:49"]
[TimeControl "2700+45"]

1. e4 e5 2. Nf3 Nc6 3. d4 exd4 4. Bc4 h6 5. O-O d6 6. Nxd4 Ne5 7. Bb3 Nf6 8. Nc3
Be7 9. h3 O-O 10. Be3 c6 11. a4 d5 12. exd5 Nxd5 13. Nxd5 cxd5 14. Re1 Nc6 15.
Qf3 Ne5 16. Qxd5 Qxd5 17. Bxd5 Rd8 18. Bb3 b6 19. Rad1 Bc5 20. Nb5 Bb7 21. Bxc5
Rxd1 22. Rxd1 bxc5 23. f4 a6 24. fxe5 axb5 25. axb5 Be4 26. e6 fxe6 27. Bxe6+
Kh8 28. c4 Rb8 29. Rd2 Rb6 30. Bg4 Rf6 31. Rf2 Re6 32. Bxe6 Kh7 33. Bf5+ Bxf5
34. Rxf5 Kg6 35. Rxc5 h5 36. b6 Kf6 37. b7 g5 38. b8=Q g4 39. Qb6+ Ke7 40. Rc7+
Kd8 41. Qb8# {Black checkmated} 1-0

[Event "Team 45 45 League T36"]
[Site "Internet Chess Club"]
[Date "2008.03.04"]
[Round "6"]
[White "nursey"]
[Black "dscvdchk"]
[Result "1-0"]
[WhiteElo "1694"]
[BlackElo "1518"]
[Opening "QGD: 4.Bg5 Be7"]
[ECO "D53"]
[Time "16:29:34"]
[TimeControl "2700+45"]

1. d4 Nf6 2. c4 e6 3. Nc3 d5 4. Bg5 Be7 5. e3 h6 6. Bh4 c5 7. dxc5 Nc6 8. cxd5
exd5 9. Bb5 O-O 10. Nf3 a6 11. Ba4 Be6 12. Nd4 Bg4 13. f3 Nxd4 14. exd4 Be6 15.
O-O b5 16. cxb6 Qxb6 17. Bb3 Qd8 18. Rc1 g5 19. Bg3 Nh5 20. Be5 f6 21. Bg3 Nxg3
22. Re1 Bf7 23. hxg3 Kg7 24. Nxd5 Bd6 25. f4 Rb8 26. a3 Bxd5 27. Bxd5 Bxf4 28.
gxf4 Qxd5 29. Rc5 Qd6 30. Qd2 Qxf4 31. Qxf4 gxf4 32. Re7+ Kg6 33. b4 Rfd8 34. d5
Rd6 35. Rc6 Rb6 36. Rxb6 Rxb6 37. Re6 Rb5 38. Rxa6 Rxd5 39. Kf2 h5 40. a4 Rd3
41. Ke2 Rb3 42. b5 Kg5 43. b6 Kg4 44. a5 f3+ 45. gxf3+ Rxf3 46. b7 Rb3 47. Rb6
{Black resigns} 1-0

[Event "Team 45 45 League T36"]
[Site "Internet Chess Club"]
[Date "2008.03.02"]
[Round "6"]
[White "rd00d"]
[Black "rayonline53"]
[Result "0-1"]
[WhiteElo "1387"]
[BlackElo "1710"]
[Opening "Queen's gambit declined"]
[ECO "D30"]
[Time "19:02:31"]
[TimeControl "2700+45"]

1. d4 d5 2. c4 e6 3. e3 Nf6 4. Nf3 c6 5. c5 Nbd7 6. Nc3 g6 7. Qc2 Bg7 8. Be2 O-O
9. O-O Re8 10. e4 dxe4 11. Nxe4 Nxe4 12. Qxe4 Nf6 13. Qd3 Nd5 14. a3 Qc7 15. b4
Nf4 16. Bxf4 Qxf4 17. Rad1 Bd7 18. Rfe1 Rad8 19. g3 Qc7 20. Bf1 Bc8 21. Ne5 Bxe5
22. Rxe5 Rd5 23. Rde1 Red8 24. Rxd5 exd5 25. Re3 Bf5 26. Qe2 Kf8 27. g4 Be6 28.
Qf3 Qd7 29. h3 Kg7 30. g5 Bf5 31. Bd3 Kf8 32. Bxf5 Qxf5 33. Qxf5 gxf5 34. Re5
Re8 35. Rxf5 Re4 36. f4 Rxd4 37. Kf2 Re4 38. Kf3 Ke7 39. Rf6 Re6 40. Rxe6+ Kxe6
41. Ke3 Kf5 42. Kf3 d4 43. h4 d3 44. Ke3 d2 45. Kxd2 Kxf4 46. Kd3 Kg4 47. Ke4
Kxh4 48. Kf5 Kh5 49. Kf6 Kg4 50. a4 a6 51. a5 Kf4 52. Kxf7 Kxg5 53. Ke7 h5 54.
Kd7 h4 55. Kc7 h3 56. Kxb7 h2 57. Kxa6 h1=Q 58. Kb6 Qb1 {White resigns} 0-1

[Event "Team 45 45 League T36"]
[Site "Internet Chess Club"]
[Date "2008.03.02"]
[Round "6"]
[White "vaknight"]
[Black "JoshK"]
[Result "1/2-1/2"]
[WhiteElo "1564"]
[BlackElo "1508"]
[Opening "Bird: From gambit, Lasker variation"]
[ECO "A02"]
[Time "10:01:56"]
[TimeControl "2700+45"]

1. f4 e5 2. fxe5 d6 3. exd6 Bxd6 4. Nf3 g5 5. d4 g4 6. Ne5 Bxe5 7. dxe5 Qxd1+ 8.
Kxd1 Nc6 9. Bf4 Be6 10. Nc3 O-O-O+ 11. Kc1 Nge7 12. b3 Nd5 13. Nxd5 Rxd5 14. c4
Rc5 15. Kb2 Nxe5 16. Rd1 Rd8 17. Rxd8+ Kxd8 18. e3 h5 19. Be2 Ke7 20. Rd1 Bf5
21. Kc3 Ng6 22. b4 Nxf4 23. exf4 Rc6 24. Rd5 Kf6 25. Bd3 Bxd3 26. Kxd3 Rd6 27.
Ke4 Re6+ 28. Re5 Ra6 29. Rxh5 Rxa2 30. g3 Ra4 31. Rf5+ Ke6 32. Re5+ Kf6 33. Rf5+
Ke6 34. Re5+ Kf6 {Game drawn by mutual agreement} 1/2-1/2

[Event "Team 45 45 League T36"]
[Site "Internet Chess Club"]
[Date "2008.03.02"]
[Round "6"]
[White "gtm"]
[Black "NXS"]
[Result "1-0"]
[WhiteElo "1567"]
[BlackElo "1408"]
[Opening "French: advance variation"]
[ECO "C02"]
[Time "14:02:12"]
[TimeControl "2700+45"]

1. e4 e6 2. d4 d5 3. e5 c5 4. c3 Qb6 5. Nf3 Nc6 6. Be2 cxd4 7. cxd4 Nge7 8. Na3
Nf5 9. Nc2 Be7 10. O-O O-O 11. a3 f6 12. b4 fxe5 13. dxe5 Bd7 14. Bb2 a5 15. b5
Nd8 16. a4 Bc5 17. Ncd4 Nxd4 18. Nxd4 Nf7 19. Nf3 Nh6 20. Bd4 Bxd4 21. Nxd4 Nf5
22. Nf3 Ne7 23. Bd3 Nf5 24. Ng5 Qd8 25. Qh5 Nh6 26. Bxh7+ Kh8 27. Bg6 Be8 28.
Nxe6 Qe7 29. Nxf8 Qxf8 30. Rac1 Bxg6 31. Qxg6 Qe7 32. Qd6 Qg5 33. Rc7 Re8 34.
Qxd5 Ng4 35. h3 Nxe5 36. f4 Nf3+ 37. Qxf3 Qf6 38. Qxb7 Qd4+ 39. Kh1 Re2 40. Qc8+
Kh7 41. Qf5+ Kg8 42. Rc8+ Re8 43. Rxe8# {Black checkmated} 1-0

[Event "Team 45 45 League T36"]
[Site "Internet Chess Club"]
[Date "2008.03.01"]
[Round "6"]
[White "A-Ru"]
[Black "John3v16"]
[Result "1-0"]
[WhiteElo "1910"]
[BlackElo "1813"]
[Opening "Queen's bishop game"]
[ECO "D02"]
[Time "19:58:23"]
[TimeControl "2700+45"]

1. d4 d5 2. Nf3 Nf6 3. Bf4 e6 4. e3 c5 5. c3 Nbd7 6. Na3 a6 7. Qa4 Be7 8. Nb5
O-O 9. Bc7 Qe8 10. Nd6 Bxd6 11. Bxd6 Nb6 12. Qb3 Qc6 13. Bxc5 Nbd7 14. Bxf8 Nxf8
15. Bd3 Ng6 16. O-O b5 17. a4 bxa4 18. Rxa4 Ne4 19. Rfa1 f5 20. Qa3 Qc7 21. Bxa6
Bd7 22. Bb5 Rxa4 23. Qxa4 Bxb5 24. Qxb5 Qe7 25. Qb8+ Nf8 26. Ra8 g5 27. Ne5 Nf6
28. Ra7 Qe8 {Black resigns} 1-0